 Dungeon Crawl Stone Soup version 0.29.1-1-gd02db69 (webtiles) character file.

Game seed: 10845956987918674230

4 Ayyar the Vexing (level 1, 0/12 HPs)
             Began as a Kobold Arcane Marksman on May 3, 2023.
             Slain by an endoplasm (1 damage)
             ... on level 1 of the Dungeon.
             The game lasted 00:01:13 (94 turns).

Ayyar the Vexing (Kobold Arcane Marksman)             Turns: 94, Time: 00:01:13

Health: 0/12       AC:  2    Str:  7    XL:     1   Next: 66%
Magic:  2/2        EV: 15    Int: 14    God:
Gold:   13         SH:  0    Dex: 15    Spells: 1/2 levels left

rFire   . . .      SeeInvis .   a - +1 sling
rCold   . . .      Faith    .   (no shield)
rNeg    . . .      Spirit   .   c - +0 robe
rPois   .          Reflect  .   (no helmet)
rElec   .          Harm     .   (no cloak)
rCorr   .          Rampage  .   (no gloves)
Will    .....                   (no boots)
Stlth   ++........              (no amulet)
HPRegen 0.04/turn               (no ring)
MPRegen 0.08/turn               (no ring)

@: no status effects
A: small, no large weapons, nightstalker 3
a: no special abilities


You were on level 1 of the Dungeon.
You visited 1 branch of the dungeon, and saw 1 of its levels.

You collected 13 gold pieces.

Inventory:

Hand Weapons
 a - a +1 sling (weapon)
Armour
 c - a +0 robe (worn)
Scrolls
 b - a scroll of poison


   Skills:
 + Level 1.2 Fighting
 + Level 2.8 Ranged Weapons
 + Level 2.5 Dodging
 + Level 1.2 Spellcasting
 + Level 3.0 Hexes


You had one spell level left.
You knew the following spells:

 Your Spells              Type           Power      Damage    Failure   Level
a - Slow                  Hex            36%        N/A       8%          1

Your spell library contained the following spells:

 Spells                   Type           Power      Damage    Failure   Level
 Inner Flame              Hex/Fire       5%         N/A       38%         3
 Portal Projectile        Hex/Tloc       10%        N/A       38%         3
 Cause Fear               Hex            4%         N/A       58%         4


Dungeon Overview and Level Annotations

Branches:
Dungeon (1/15)

Altars:


Innate Abilities, Weirdness & Mutations

You are small and have problems with some larger weapons.
You are completely attuned to the shadows.


Message History

You shoot a sling bullet. The sling bullet hits the dart slug.
The dart slug is severely wounded.
An endoplasm comes into view.
Fire: a) +1 sling
Press: ? - help, Q - select action, (/) - cycle Shift-Dir - straight line, f/p - dart slug
Aim: a dart slug (severely wounded, 93% to hit)
You shoot a sling bullet. The sling bullet hits the dart slug.
You kill the dart slug!
Fire: a) +1 sling
Press: ? - help, Q - select action, (/) - cycle Shift-Dir - straight line, f - quokka
Aim: a quokka (46% to hit)
You shoot a sling bullet.
The sling bullet barely misses the quokka.
The quokka misses you.
Fire: a) +1 sling
Press: ? - help, Q - select action, (/) - cycle Shift-Dir - straight line, f/p - quokka
Aim: a quokka (46% to hit)
You shoot a sling bullet.
The sling bullet closely misses the quokka.
The quokka bites you. The endoplasm misses you. The quokka bites you.
The quokka attacks as you move away! The quokka bites you.
The quokka attacks as you move away! The quokka barely misses you. x2
The quokka attacks as you move away! The quokka closely misses you.
Really attack while wielding your +1 sling? [Y]es or [N]o only, please.
Really attack while wielding your +1 sling? [Y]es or [N]o only, please.
Really attack while wielding your +1 sling? [Y]es or [N]o only, please.
Really attack while wielding your +1 sling?
You closely miss the quokka. The quokka completely misses you.
The quokka closely misses you. The quokka attacks as you move away!
The quokka bites you but does no damage.
You barely miss the endoplasm. The endoplasm hits you.
* * * LOW HITPOINT WARNING * * *
The endoplasm closely misses you.
You clumsily bash the endoplasm but do no damage.
The endoplasm hits you.
You die...

.†.....#
.......#
#..# ##.#
#.##
###..#####
...........
#####J#####
#.@.....#
#.......#
#.......##
######...##
#.......
#.......
#.......
#.......
#.......


You could see an endoplasm.

Vanquished Creatures
  A dart slug (D:1)
  A kobold (D:1)
  A rat (D:1)
3 creatures vanquished.

Notes
Turn   | Place    | Note
-------+----------+-------------------------------------------
     0 | D:1      | Ayyar the Kobold Arcane Marksman began the quest for the
                  | Orb.
     0 | D:1      | Reached XP level 1. HP: 12/12 MP: 2/2
    94 | D:1      | Slain by an endoplasm

Illustrated notes

Levels and vault maps discovered:
D:1:      mrwooster_arrival_statue_3, layout_basic, serial_shops,
          nicolae_shop_hallway_stairs, minmay_tall_x

Action                   || total
-------------------------++-------
Melee: Sling             ||     3
 Fire: Sling             ||    13
 Cast: Slow              ||     2
Armor: Robe              ||     1
Dodge: Dodged            ||    13
